Map: Blackburn LE

Players

souL - Winner!

  • Race: Terran Terran

milkicow

  • Race: Terran Terran

Event: DreamHack SC2 Masters 2021 Fall

VOD

Have the link to the VOD?

Description

Time

  • Played on: Aug. 7, 2021, 12:50 p.m.
  • Length: 12:05

All games in this series

Show
View Real Time Build Order
Export as new Build Order

souL Terran - Winner!

Build Orders:  

Get SALT Encoding   

  12  0:00  SCV  
  13  0:12  SCV  
  14  0:17  Supply Depot  
  14  0:24  SCV  
  15  0:38  SCV  
  15  0:42  Barracks  
  16  0:43  Refinery  
  16  0:50  SCV  
  16  0:53  Refinery  
  17  1:02  SCV  
  18  1:15  SCV  
  19  1:29  Reaper, Orbital Command  
  20  1:34  Supply Depot  
  20  1:42  Factory  
  20  1:55  SCV  
  20  2:01  Reaper  
  22  2:07  SCV  
  23  2:19  SCV  
  23  2:21  Command Center  
  24  2:26  Hellion  
  26  2:31  SCV  
  26  2:34  Barracks Reactor  
  27  2:41  Supply Depot  
  27  2:43  SCV  
  28  2:47  Hellion  
  30  2:54  Starport  
  30  2:57  SCV  
  31  3:09  SCV, Hellion  
  31  3:11  Marine x2  
  36  3:21  SCV  
  37  3:28  Refinery  
  37  3:33  SCV  
  38  3:34  Starport Tech Lab  
  38  3:36  Orbital Command, Factory Tech Lab  
  38  3:38  Marine  
  38  3:40  Marine  
  40  3:45  SCV  
  41  3:52  Supply Depot  
  41  3:53  Raven  
  43  3:57  Cyclone  
  43  3:59  SCV  
  46  4:03  SCV  
  46  4:04  Marine  
  46  4:08  Marine  
  49  4:11  SCV  
  49  4:14  Supply Depot  
  49  4:15  SCV  
  51  4:21  Marine  
  51  4:23  SCV  
  53  4:27  SCV  
  53  4:29  Siege Tank  
  57  4:35  SCV  
  57  4:36  Raven  
  60  4:38  Marine  
  60  4:39  SCV  
  60  4:43  Supply Depot  
  62  4:47  SCV  
  62  4:48  Supply Depot  
  62  4:51  SCV  
  64  4:58  Marine  
  64  4:59  SCV  
  66  5:05  SCV  
  66  5:06  Command Center  
  67  5:08  Siege Tank  
  67  5:12  SCV  
  71  5:16  Supply Depot  
  71  5:17  SCV  
  72  5:24  SCV  
  73  5:29  Supply Depot  
  73  5:31  Refinery, Viking x2  
  77  5:37  SCV  
  77  5:40  SCV, Siege Tank  
  78  5:46  Marine  
  78  5:49  SCV  
  74  5:52  SCV  
  74  6:00  Stimpack  
  74  6:01  SCV  
  74  6:02  Viking  
  74  6:03  Viking, Barracks x2  
  79  6:06  SCV  
  80  6:12  Siege Tank  
  80  6:13  SCV  
  80  6:19  SCV  
  80  6:21  Marine  
  77  6:26  Orbital Command  
  78  6:32  SCV, Viking  
  78  6:33  Viking  
  82  6:44  SCV  
  82  6:45  Siege Tank  
  86  6:48  SCV  
  86  6:50  Engineering Bay  
  86  6:51  Engineering Bay  
  86  6:53  SCV  
  82  7:01  Marine  
  82  7:02  Viking  
  82  7:06  Viking  
  84  7:11  SCV x2  
  84  7:14  Barracks Reactor  
  84  7:17  Siege Tank  
  84  7:19  Refinery  
  84  7:20  Refinery  
  85  7:23  SCV  
  85  7:26  Barracks Reactor  
  85  7:29  SCV  
  87  7:31  Missile Turret x2  
  87  7:32  Barracks  
  87  7:35  SCV  
  87  7:36  Orbital Command  
  88  7:38  Viking  
  88  7:42  Viking  
  92  7:47  SCV  
  92  7:51  Siege Tank  
  96  7:57  Terran Infantry Weapons Level 1  
  96  8:00  Marine  
  96  8:02  Marine x2  
  96  8:04  Marine  
  96  8:05  Barracks  
  100  8:09  Viking  
  102  8:14  Viking  
  102  8:16  SCV  
  105  8:21  Marine x3  
  105  8:23  SCV, Siege Tank  
  105  8:26  Marine  
  113  8:27  Marine x2  
  113  8:34  SCV  
  116  8:39  Marine  
  116  8:40  Terran Infantry Armor Level 1, Combat Shield  
  116  8:41  Marine x2  
  109  8:44  Marine  
  109  8:45  SCV  
  109  8:48  SCV x2  
  112  8:53  Barracks Reactor  
  111  8:56  Barracks Reactor  
  111  8:57  SCV  
  111  9:00  SCV x2  
  111  9:01  Marine  
  111  9:09  Marine x3, SCV  
  103  9:12  SCV  
  103  9:14  Viking x2  
  104  9:18  Marine, Supply Depot  
  104  9:21  SCV  
  104  9:22  SCV, Sensor Tower, Missile Turret  
  107  9:30  Siege Tank  
  110  9:31  Marine  
  110  9:33  Marine x3  
  110  9:37  Marine  
  115  9:41  SCV x2  
  115  9:42  Marine x2  
  115  9:44  Medivac x2, Armory  
  123  9:50  Marine  
  123  9:52  Marine x2  
  125  9:59  Supply Depot  
  125  10:00  Supply Depot  
  125  10:06  Marine  
  125  10:13  Marine x2  
  125  10:14  Marine x2  
  125  10:15  Marine x2  
  125  10:20  Marine, Medivac x2, Siege Tank  
  133  10:24  Supply Depot  
  133  10:26  Command Center  
  133  10:31  Marine x4  
  130  10:46  Marine  
  115  10:50  Medivac x2  
  115  10:56  Marine  
  115  10:57  Marine x7  
  123  11:04  Marine  
  123  11:05  Siege Tank  
  127  11:14  Marine x2  
  127  11:15  Marine x6  
  127  11:16  Factory  
  135  11:22  Marine  
  136  11:32  Marine x8  
  141  11:40  Marine  
  141  11:48  SCV x2  
Show
View Real Time Build Order
Export as new Build Order

milkicow Terran 

Build Orders:  

Get SALT Encoding   

  12  0:00  SCV  
  13  0:12  SCV  
  14  0:17  Supply Depot  
  14  0:24  SCV  
  15  0:38  SCV  
  15  0:40  Barracks  
  16  0:44  Refinery  
  16  0:50  SCV  
  17  0:59  Barracks  
  17  1:03  SCV  
  18  1:14  Supply Depot  
  18  1:18  SCV  
  19  1:29  Reaper  
  20  1:33  Orbital Command  
  20  1:47  Reaper  
  21  1:59  SCV  
  22  2:04  Reaper  
  23  2:11  SCV  
  24  2:19  Command Center  
  25  2:23  Marine, SCV  
  25  2:26  Refinery  
  26  2:35  SCV  
  26  2:36  Marine  
  28  2:39  Bunker  
  28  2:48  SCV, Factory  
  31  3:03  SCV  
  31  3:05  Supply Depot  
  30  3:13  Barracks Tech Lab  
  30  3:15  SCV  
  30  3:17  Barracks Reactor  
  31  3:27  SCV  
  32  3:37  Stimpack  
  32  3:41  SCV, Command Center  
  31  3:46  Orbital Command  
  31  3:48  Marine  
  32  3:51  Factory Tech Lab  
  32  3:53  Marine  
  32  3:55  Marine  
  35  3:58  SCV  
  36  4:06  Marine  
  36  4:08  Starport  
  37  4:11  SCV  
  37  4:12  SCV  
  37  4:13  Marine  
  37  4:15  Marine  
  41  4:23  SCV, Siege Tank  
  45  4:25  SCV  
  45  4:30  Refinery  
  46  4:35  Marine x2  
  46  4:36  Marine, SCV  
  51  4:39  Supply Depot  
  51  4:40  SCV  
  51  4:48  SCV  
  51  4:51  Starport Reactor  
  52  4:53  Marine, SCV  
  52  4:54  Orbital Command  
  53  5:00  SCV, Siege Tank  
  53  5:02  Marine x2  
  53  5:05  SCV  
  60  5:12  SCV  
  60  5:13  Marine  
  62  5:17  SCV  
  62  5:20  SCV  
  64  5:24  SCV  
  64  5:26  Marine  
  64  5:27  Combat Shield  
  64  5:28  Viking x2  
  70  5:29  SCV  
  70  5:31  Supply Depot  
  72  5:36  Siege Tank  
  72  5:38  SCV  
  72  5:41  Marine  
  73  5:45  Marine x2  
  73  5:46  SCV  
  67  5:50  SCV  
  67  5:53  Orbital Command  
  67  5:58  SCV  
  67  5:59  Marine  
  67  6:00  Refinery, Barracks  
  67  6:01  Supply Depot  
  67  6:02  Viking  
  67  6:03  SCV, Viking  
  74  6:08  Siege Tank  
  74  6:09  Marine x2  
  74  6:10  SCV  
  80  6:17  Marine  
  78  6:24  SCV  
  78  6:25  SCV  
  75  6:27  Marine, Supply Depot  
  75  6:32  SCV, Barracks, Engineering Bay x2  
  78  6:35  Marine  
  78  6:39  Viking  
  79  6:42  Viking  
  79  6:44  SCV  
  81  6:51  Marine  
  72  6:54  Marine  
  72  6:56  Marine, SCV  
  72  6:58  SCV  
  68  7:01  Widow Mine  
  68  7:03  SCV  
  68  7:05  Marine  
  67  7:09  Marine, Medivac  
  67  7:12  Marine  
  67  7:13  Terran Infantry Armor Level 1  
  70  7:17  SCV  
  70  7:21  Viking  
  72  7:26  Siege Tank  
  74  7:32  Marine  
  74  7:33  Marine  
  74  7:35  Marine  
  74  7:36  SCV  
  76  7:38  Marine x2  
  76  7:43  Terran Infantry Weapons Level 1  
  78  7:49  Marine  
  78  7:51  Marine, SCV  
  79  7:52  SCV x2  
  79  7:53  Marine  
  79  7:55  Marine  
  79  7:56  Marine, Viking  
  87  8:07  Marine  
  87  8:09  Marine  
  87  8:11  Marine  
  89  8:13  Marine  
  89  8:14  Marine  
  89  8:17  SCV, Siege Tank  
  95  8:21  Viking  
  95  8:22  SCV  
  95  8:25  Marine  
  95  8:26  Marine  
  99  8:28  Marine  
  99  8:29  Armory  
  99  8:32  Supply Depot x2  
  99  8:33  Marine  
  102  8:42  Viking  
  102  8:43  Marine  
  102  8:44  Marine  
  102  8:45  Marine  
  102  8:46  Marine  
  101  8:49  Siege Tank  
  101  8:52  Supply Depot  
  101  8:53  Marine  
  101  8:54  Supply Depot  
  103  9:01  Marine  
  103  9:02  Marine  
  100  9:03  Marine  
  100  9:06  Marine  
  100  9:07  Medivac  
  94  9:11  Marine, Refinery  
  94  9:14  Medivac  
  97  9:19  Marine  
  97  9:20  Marine, Terran Infantry Armor Level 2  
  97  9:22  Marine  
  100  9:26  Siege Tank, Command Center  
  103  9:33  Marine x2  
  103  9:37  Marine  
  103  9:38  Marine  
  106  9:39  Marine  
  107  9:45  Medivac x2  
  107  9:50  Marine  
  107  9:51  Marine  
  113  9:55  Marine x2  
  113  9:57  Marine  
  113  9:58  Siege Tank  
  118  10:08  Marine  
  118  10:09  Marine, SCV x2  
  118  10:13  Marine  
  119  10:15  Marine  
  119  10:17  Medivac x2  
  122  10:21  SCV x2  
  124  10:29  Barracks Reactor x2  
  124  10:33  SCV  
  124  10:34  Marine  
  126  10:35  SCV  
  126  10:37  Marine, Factory  
  126  10:39  Barracks Reactor  
  122  10:47  Medivac  
  92  10:52  Marine  
  92  10:55  Marine, Siege Tank  
  91  11:00  Viking  
  91  11:02  SCV  
  91  11:03  Orbital Command  
  91  11:04  Marine  
  91  11:06  Marine  
  91  11:07  Marine  
  91  11:08  Marine  
  91  11:10  Marine  
  96  11:13  Marine  
  96  11:14  SCV  
  96  11:15  Marine  
  96  11:16  Marine  
  96  11:18  Barracks  
  100  11:21  Viking, Command Center  
  100  11:22  Marine  
  100  11:24  Marine x2  
  104  11:26  Marine  
  104  11:28  Marine  
  104  11:30  Marine  
  104  11:31  Siege Tank  

Tags
 
Add a new tag
Caveats
  • Supply blocks, unpowered buildings, or Contaminate may cause inaccurate times.
  • Supply counts are checked every 10 seconds.